 Dungeon Crawl Stone Soup version 0.31.0-11-ge490571c62 (webtiles) character file.

Game seed: 14493066495856698647

10217 Curundu the Cleaver (level 11, -18/142 HPs)
             Began as a Minotaur Berserker on Feb 5, 2024.
             Was a Priest of Trog.
             Demolished by a boulder beetle (40 damage)
             ... on level 11 of the Dungeon.
             The game lasted 00:29:45 (11730 turns).

Curundu the Cleaver (Minotaur Berserker)           Turns: 11730, Time: 00:29:46

Health: -18/142    AC: 21    Str: 26    XL:     11   Next: 33%
Magic:  10/10      EV:  9    Int:  4    God:    Trog [***...]
Gold:   367        SH: 10    Dex: 10    Spells: 10/10 levels left

rFire   . . .        C - +1 broad axe (heavy)
rCold   . . .        x - +1 kite shield
rNeg    . . .        v - +0 plate armour
rPois   .            (helmet restricted)
rElec   .            w - +1 cloak
rCorr   .            J - +0 pair of gloves
SInv    .            i - +0 pair of boots
Will    .....        (no amulet) Stlth
                     (no ring)
HPRegen 0.43/turn    (no ring)
MPRegen 0.12/turn

%: no passive effects
@: berserking, very quick
A: horns 2, retaliatory headbutt
a: Renounce Religion, Berserk, Trog's Hand


You were on level 11 of the Dungeon.
You worshipped Trog.
Trog was most pleased with you.
You visited 1 branch of the dungeon, and saw 11 of its levels.

You collected 475 gold pieces.
You spent 108 gold pieces at shops.

Inventory:

Hand Weapons
 b - a +3 quarterstaff of chaos
 C - a +1 heavy broad axe (weapon)
Missiles
 p - a throwing net (quivered)
 y - 5 javelins
 B - 3 boomerangs
Armour
 i - a +0 pair of boots (worn)
 v - a +0 plate armour (worn)
 w - a +1 cloak (worn)
 x - a +1 kite shield (worn)
 J - a +0 pair of gloves (worn)
Jewellery
 a - a ring of fire
 f - an amulet of regeneration
 q - an amulet of faith
 s - a ring of resist corrosion
 G - a +6 ring of dexterity
 I - a +4 ring of slaying
 M - an amulet of guardian spirit
 O - a ring of ice
 S - a ring of protection from cold
Wands
 n - a wand of flame (13)
 N - a wand of charming (13)
 P - a wand of mindburst (2)
Scrolls
 h - a scroll of vulnerability
 l - a scroll of blinking
 o - a scroll of torment
 r - a scroll of poison
 t - 6 scrolls of teleportation
 u - 2 scrolls of revelation
 E - 3 scrolls of identify
 H - a scroll of fog
 K - 2 scrolls of noise {unknown}
 R - a scroll of silence {unknown}
Potions
 c - a potion of cancellation
 d - 3 potions of brilliance
 e - 3 potions of attraction
 g - a potion of lignification
 j - 7 potions of haste
 k - 2 potions of invisibility {unknown}
 m - a potion of mutation {unknown}
 z - a potion of ambrosia {unknown}
 A - 2 potions of curing
 D - 3 potions of enlightenment
 F - a potion of heal wounds {unknown}
 L - a potion of degeneration {unknown}
Miscellaneous
 Q - a condenser vane


   Skills:
 + Level 8.6 Fighting
 + Level 12.8 Axes
 - Level 0.8 Staves
 * Level 12.3 Armour
 * Level 6.8 Dodging
 - Level 1.0 Stealth
 * Level 6.6 Shields


You had 10 spell levels left.
You didn't know any spells.
Your spell library was empty.

Dungeon Overview and Level Annotations

Branches:
Dungeon (11/15)            Temple (0/1) D:6            Lair (0/5) D:8
    Orc (0/2) D:9

Altars:
Gozag
Trog
Zin

Shops:
D:4 :   D:6 [*

Portals:
Trove: D:10 (give 12 potions of heal wounds)


Innate Abilities, Weirdness & Mutations

You have a pair of horns on your head.
You reflexively headbutt those who attack you in melee.


Message History

The gargoyle hurls a stone arrow at you.
The stone arrow misses you.
The boulder beetle attacks as it pursues you!
The boulder beetle hits you!
The boulder beetle stops rolling and uncurls.
The boulder beetle bites you but does no damage.
You hit the boulder beetle but do no damage.
You headbutt the boulder beetle, but do no damage.
The boulder beetle bites you!
You cut the boulder beetle into ribbons!!!
The boulder beetle is heavily wounded.
You barely miss the gargoyle. You block the boulder beetle's attack.
The gargoyle hits you with a +0 mace! The boulder beetle bites you!
You slice the boulder beetle!!
You headbutt the boulder beetle, but do no damage.
The boulder beetle is almost dead.
You barely miss the gargoyle.
The gargoyle hits you but does no damage.
The boulder beetle leaps!
The gargoyle hits you but does no damage.
You hit the gargoyle.
The gargoyle is lightly damaged.
The gargoyle hits you with a +0 mace.
You slash the gargoyle!
You headbutt the gargoyle, but do no damage.
The gargoyle is heavily damaged.
The gargoyle hits you with a +0 mace.
The boulder beetle curls into a ball and begins rolling!
The gargoyle hurls a stone arrow at you.
The stone arrow hits you!!
* * * LOW HITPOINT WARNING * * *
A red film seems to cover your vision as you go berserk!
You feel yourself moving faster!
You feel mighty! The gargoyle hits you with a +0 mace.
* * * LOW HITPOINT WARNING * * *
You slice the gargoyle!!
You destroy the gargoyle!
Trog accepts your kill. The boulder beetle hits you!!!
You die...

#.# ##### #.# #.# #.^. $.#
#.# ##.## #.#
#.#####...###### #.#
#..............# #.# # #
#.#####...####.###°####.#.#
#)# ##.## #...#°#......#.
#)# ##.#######.B.[........
#)# #.........@....##○####
#)# #..############# #.#
#).. #)# #.### #.. .. ####
###


You could see a boulder beetle (rolling).

Vanquished Creatures
  A two-headed ogre (D:9)
  The ghost of jejorda2 the Ruffian, a novice DrBe of Trog (D:7)
  2 gargoyles (D:11)
  An unseen horror (D:11)
  4 trolls
  Sigmund (D:6)
  2 shadows (D:10)
  A wyvern (D:6)
  7 yaks
  3 vampire mosquitoes (D:11)
  Menkaure (D:6)
  A steam dragon (D:6)
  An acid dragon (D:9)
  2 water moccasins
  Duvessa (D:5)
  3 orc warriors
  2 sky beasts
  2 ice beasts
  An ogre (D:6)
  6 centaurs
  2 phantoms (D:6)
  Blork the orc (D:5)
  A kobold brigand (D:11)
  6 bullfrogs
  3 gnoll sergeants
  4 scorpions
  15 wights
  Dowan (D:5)
  4 killer bees (D:6)
  4 howler monkeys
  5 bombardier beetles
  4 hounds
  2 jellies (D:7)
  6 orc priests
  A gnoll bouda (D:5)
  A sleepcap (D:5)
  Crazy Yiuf (D:3)
  Terence (D:3)
  7 iguanas
  9 orc wizards
  Robin (D:3)
  20 gnolls
  3 adders
  A shadow imp (D:7)
  2 white imps
  An ufetubus (D:6)
  4 dart slugs
  6 ribbon worms
  30 orcs
  4 ball pythons
  6 endoplasms
  4 giant cockroaches
  9 hobgoblins
  11 jackals
  4 quokkas
  5 bats
  2 frilled lizards (D:1)
  12 goblins
  7 kobolds
  5 rats
258 creatures vanquished.

Vanquished Creatures (others)
  A goblin (D:3)
1 creature vanquished.

Grand Total: 259 creatures vanquished

Notes
Turn   | Place    | Note
-------+----------+-------------------------------------------
     0 | D:1      | Curundu the Minotaur Berserker began the quest for the Orb.
     0 | D:1      | Reached XP level 1. HP: 19/19 MP: 0/0
   363 | D:1      | Reached XP level 2. HP: 27/27 MP: 1/1
   970 | D:2      | Reached XP level 3. HP: 18/33 MP: 2/2
  1656 | D:3      | Reached ** piety under Trog
  1669 | D:3      | Reached XP level 4. HP: 15/41 MP: 3/3
  1884 | D:3      | Noticed Terence
  1894 | D:3      | Killed Terence
  1895 | D:3      | Reached skill level 5 in Axes
  2101 | D:3      | Noticed a great orb of eyes
  2102 | D:3      | Found a faded altar of an unknown god.
  2104 | D:3      | Noticed a shining eye
  2104 | D:3      | Noticed a shining eye
  2104 | D:3      | Noticed a shining eye
  2115 | D:3      | Noticed Robin
  2126 | D:3      | Reached XP level 5. HP: 37/47 MP: 4/4
  2127 | D:3      | Killed Robin
  2217 | D:3      | Reached skill level 1 in Stealth
  2218 | D:3      | Reached skill level 5 in Fighting
  2339 | D:3      | Found a runed translucent door.
  2340 | D:3      | Noticed Crazy Yiuf
  2348 | D:3      | Killed Crazy Yiuf
  2698 | D:3      | Reached XP level 6. HP: 56/56 MP: 5/5
  2735 | D:4      | Found Udomiz's Book Boutique.
  3675 | D:5      | Entered Level 5 of the Dungeon
  3682 | D:5      | Identified a scroll of acquirement
  3682 | D:5      | Acquired an amulet of regeneration
  3707 | D:5      | Reached XP level 7. HP: 60/61 MP: 6/6
  4171 | D:5      | Noticed Duvessa
  4172 | D:5      | Noticed Dowan
  4185 | D:5      | Killed Duvessa
  4186 | D:5      | Reached skill level 5 in Armour
  4211 | D:5      | Killed Dowan
  4342 | D:5      | Noticed Blork the orc
  4347 | D:5      | Killed Blork the orc
  4348 | D:5      | Reached XP level 8. HP: 64/70 MP: 7/7
  4960 | D:6      | Found a staircase to the Ecumenical Temple.
  5078 | D:6      | Noticed Sigmund
  5086 | D:6      | Killed Sigmund
  5354 | D:6      | Found an opulent altar of Gozag.
  5406 | D:6      | Found a glowing silver altar of Zin.
  5407 | D:6      | Found a bloodstained altar of Trog.
  5489 | D:6      | Found Qeas's Neck Hole.
  5632 | D:6      | Noticed a troll
  5636 | D:6      | Reached *** piety under Trog
  5639 | D:6      | Reached XP level 9. HP: 58/78 MP: 8/8
  5645 | D:6      | Killed a troll
  5646 | D:6      | Reached skill level 10 in Axes
  6004 | D:6      | Found Magruula's Antique Armour Shoppe.
  6023 | D:6      | Bought a kite shield for 108 gold pieces
  6167 | D:6      | Reached skill level 1 in Shields
  6276 | D:6      | Noticed Menkaure
  6287 | D:6      | Killed Menkaure
  7380 | D:7      | Found a runed translucent door.
  7391 | D:7      | Noticed jejorda2's ghost (novice DrBe)
  7436 | D:7      | Killed jejorda2's ghost
  7437 | D:7      | Reached skill level 10 in Armour
  7437 | D:7      | Reached skill level 5 in Dodging
  7437 | D:7      | Reached XP level 10. HP: 86/86 MP: 9/9
  7840 | D:7      | You fall into a shaft and drop 3 floors!
  7840 | D:10     | Entered Level 10 of the Dungeon
  8217 | D:9      | Found a staircase to the Orcish Mines.
  8592 | D:8      | Found a transporter.
  8596 | D:8      | Found a transporter.
  9010 | D:8      | Found a staircase to the Lair.
  9464 | D:8      | Identified the +4 long sword "Jyiriten" {freeze, rF+ Dex+2}
  9609 | D:8      | Found a transporter.
  9983 | D:8      | Found a transporter.
 10062 | D:9      | Reached skill level 5 in Shields
 10529 | D:9      | Noticed a two-headed ogre
 10536 | D:9      | Killed a two-headed ogre
 11139 | D:10     | Found a portal to a secret trove of treasure.
 11288 | D:10     | Reached XP level 11. HP: 95/95 MP: 10/10
 11712 | D:11     | Noticed a boulder beetle
 11730 | D:11     | Demolished by a boulder beetle

Illustrated notes

Levels and vault maps discovered:
D:1:      scummos_arrival_star, layout_basic
D:2:      layout_loops_cross
D:3:      layout_basic, hellmonk_ecumenical_altar_watching_god, uniq_robin,
          uniq_crazy_yiuf_cottage, uniq_terence
D:4:      layout_loops_corners, serial_shops, nicolae_shop_hallway_stairs,
          kennysheep_generic_room_7
D:5:      layout_gridville, uniq_blork_the_orc, uniq_duvessa
D:6:      minmay_razor_zed, layout_loops_corners, grunt_temple_overflow_open,
          minmay_temple_entry_butterflies, serial_shops,
          nicolae_shop_pleasant_corner_grove, nicolae_shop_sticking_my_neck_out,
          uniq_sigmund, uniq_menkaure
D:7:      layout_loops_cross, ebering_ghost_reflecting_pool
D:8:      layout_loops_corners, lair_entry_dummy, nicolae_transporter_circle
D:9:      layout_basic, minmay_orc_entry_temple_small
D:10:     layout_cave_pods, nicolae_trove_entry_columns
D:11:     minmay_the_grid_four_pointed_star_mashed
          [minmay_the_grid_triangle_9x9_tough_junction,
          minmay_the_grid_triangle_9x9_limited_checkers,
          minmay_the_grid_triangle_9x9_odd_lines,
          minmay_the_grid_triangle_9x9_minimal,
          minmay_the_grid_prize_shrinking_boxes], layout_loops_ring,
          small_statue_intersection, blue_anna_alchemist, kennysheep_kite_vault

Skill      XL: |  1  2  3  4  5  6  7  8  9 10 11 |
---------------+----------------------------------+-----
Axes           | 4 5 6 7 8 9 11 12 | 12.8
Fighting       | 4 5 6 7 8 |  8.6
Dodging        | 3 5 6 |  6.8
Stealth        | 1 |  1.0
Armour         | 3 5 8 10 11 12 | 12.3
Shields        | 3 5 6 |  6.6
Staves         | |  0.8

Action                     |  1- 3 |  4- 6 |  7- 9 | 10-12 || total
---------------------------+-------+-------+-------+-------++-------
  Melee: Hand axe          |    87 |    49 |       |       ||   136
         Headbutt          |    12 |    23 |    37 |    28 ||   100
         Quarterstaff      |       |    24 |       |       ||    24
         Broad axe         |       |    37 |   214 |   170 ||   421
         Punch             |       |       |     2 |       ||     2
 Invoke: Berserk           |     1 |     3 |     4 |     3 ||    11
         Trog's Hand       |       |     4 |     5 |     5 ||    14
    Use: Scroll            |       |     7 |    12 |       ||    19
   Stab: Sleeping          |     2 |       |       |       ||     2
 Armour: Animal skin       |    55 |    52 |       |       ||   107
         Plate armour      |       |    49 |   267 |   252 ||   568
  Dodge: Dodged            |    65 |    79 |    94 |    78 ||   316
  Block: Kite shield       |       |       |    30 |   149 ||   179
